 Dungeon Crawl Stone Soup version 0.30-a0-983-g7e3032bf44 (webtiles) character file.

Game seed: 15571382867410344273

178656 112233 the Eclecticist (level 17, -11/135 HPs)
             Began as a Demonspawn Necromancer on Mar 31, 2023.
             Was an Initiate of Gozag.
             Shot with an arrow by a deep elf master archer (16 damage)
             ... on level 3 of the Elven Halls on Apr 1, 2023.
             The game lasted 01:19:18 (48547 turns).

112233 the Eclecticist (Demonspawn Necromancer)    Turns: 48547, Time: 01:19:19

Health: -11/135    AC: 16    Str: 15    XL:     17   Next: 58%
Magic:  10/38      EV: 19    Int: 31    God:    Gozag
Gold:   174        SH:  0    Dex: 17    Spells: 1/51 levels left

rFire   + . .      SeeInvis .    Q - +7 demon trident (spect)
rCold   + + .      Faith    .    (no shield)
rNeg    . . .      Spirit   .    T - +3 robe of Clouds {*Thunder rCloud rElec}
rPois   +          Reflect  .    M - +2 helmet {Int+3}
rElec   +          Rampage  .    (cloak unavailable)
rCorr   +                        n - +2 pair of gloves {Str+3}
Will    ++...                    y - +0 pair of boots
Stlth   ++                       k - amulet of regeneration
HPRegen 1.22/turn                I - ring "Vuir" {rPois rC+ Will+ Str+2 Dex+2}
MPRegen 0.26/turn                f - +6 ring of intelligence

@: mighty, about to teleport, resistant, gold aura, invisible
A: yellow scales 3, demonic guardian 2, spiny 3, weakness stinger 3
a: Renounce Religion, Potion Petition, Call Merchant, Bribe Branch


You were on level 3 of the Elven Halls.
You worshipped Gozag.
Gozag was aware of your devotion.
You visited 6 branches of the dungeon, and saw 29 of its levels.
You also visited: Sewer and Ice Cave.

You collected 9056 gold pieces.
You spent 5162 gold pieces at shops.
You paid 3720 gold pieces to Gozag.

Inventory:

Hand Weapons
 Q - a +7 spectral demon trident (weapon)
Missiles
 S - 7 throwing nets
Armour
 g - a +2 buckler of reflection
 i - a +1 robe of resistance
 n - a +2 pair of gloves of strength (worn)
 y - a +0 pair of boots (worn)
 M - a +2 helmet of intelligence (worn)
 T - the +3 robe of Clouds (worn) {*Thunder rCloud rElec}
   (You bought it in a shop on level 2 of the Orcish Mines)

   *Thunder:  It occasionally creates storm clouds above nearby enemies.
   rCloud:    It grants its wearer immunity to clouds.
   rElec:     It insulates you from electricity.
Magical Staves
 J - a staff of death
Jewellery
 f - a +6 ring of intelligence (right hand)
 k - an amulet of regeneration (around neck)
 I - the ring "Vuir" (left hand) {rPois rC+ Will+ Str+2 Dex+2}
   (You took it off a deep elf pyromancer on level 1 of the Elven Halls)

   [ring of poison resistance]

   Str:       It affects your strength (+2).
   Dex:       It affects your dexterity (+2).
   rC:        It protects you from cold.
   rPois:     It protects you from poison.
   Will:      It increases your willpower.
 V - a ring of see invisible
Wands
 a - a wand of paralysis (17)
 z - a wand of mindburst (9)
 C - a wand of acid (4)
 F - a wand of digging (3)
 N - a wand of roots (6)
 R - a wand of polymorph (3)
 X - a wand of flame (20)
Scrolls
 c - 4 scrolls of silence
 j - 7 scrolls of fear
 o - 2 scrolls of torment
 r - 11 scrolls of identify
 s - 9 scrolls of vulnerability
 t - 6 scrolls of poison
 w - 4 scrolls of butterflies
 x - 7 scrolls of blinking
 B - 5 scrolls of teleportation
 K - 4 scrolls of amnesia
 P - 2 scrolls of immolation
 W - a scroll of enchant armour
 Y - 2 scrolls of magic mapping
Potions
 b - 4 potions of magic
 d - a potion of berserk rage
 e - 8 potions of flight
 h - 2 potions of degeneration
 l - 7 potions of might
 q - 3 potions of brilliance
 u - 5 potions of lignification
 v - 5 potions of heal wounds
 A - a potion of ambrosia
 D - 9 potions of haste
 E - 2 potions of resistance
 G - 3 potions of cancellation
 L - 4 potions of attraction
 O - 4 potions of mutation
 U - 11 potions of curing
Miscellaneous
 m - a tin of tremorstones (1/2)
 H - a phial of floods


   Skills:
 + Level 12.9 Fighting
 + Level 12.0 Dodging
 - Level 1.7 Stealth
 + Level 17.6 Spellcasting
 - Level 6.1 Necromancy
 + Level 11.1 Transmutations
 * Level 13.5 Air Magic
 - Level 4.7 Evocations


You had one spell level left.
You knew the following spells:

 Your Spells              Type           Power      Damage    Failure   Level
a - Summon Lightning Spi  Summ/Air       62%        N/A       1%          4
b - Vampiric Draining     Necr           60%        2d10      1%          3
c - Agony                 Necr           60%        N/A       3%          5
d - Airstrike             Air            42%        2d(6-22)  1%          4
e - Blink                 Tloc           54%        N/A       2%          2
f - Wereblood             Tmut           77%        N/A       1%          2
g - Maxwell's Capacitive  Air            42%        ∞         36%         8
h - Storm Form            Tmut/Air       40%        N/A       9%          7
i - Apportation           Tloc           54%        N/A       1%          1
j - Dispel Undead         Necr           60%        3d21      1%          4
l - Arcjolt               Conj/Air       31%        1d41      2%          5
m - Freezing Cloud        Conj/Ice/Air   26%        6-21      7%          5

Your spell library contained the following spells:

 Spells                   Type           Power      Damage    Failure   Level
 Beastly Appendage        Tmut           100%       N/A       0%          1
 Foxfire                  Conj/Fire      100%       2x1d6     1%          1
 Kiss of Death            Conj/Necr      100%       2d13      1%          1
 Magic Dart               Conj           100%       1d8       1%          1
 Necrotise                Necr           100%       1d9       1%          1
 Shock                    Conj/Air       100%       1d9       1%          1
 Sting                    Tmut/Pois      100%       1d8       1%          1
 Summon Small Mammal      Summ           100%       N/A       1%          1
 Poisonous Vapours        Pois/Air       100%       N/A       1%          2
 Ignite Poison            Fire/Tmut/Pois 50%        N/A       1%          3
 Kindle Blastsparks       Fire/Tloc/Air  100%       2d18      1%          3
 Spider Form              Tmut/Pois      58%        N/A       1%          3
 Swiftness                Air            84%        N/A       1%          3
 Vhi's Electric Charge    Tloc/Air       100%       N/A       1%          3
 Ice Form                 Ice/Tmut       58%        N/A       1%          4
 Lesser Beckoning         Tloc           54%        N/A       2%          2
 Momentum Strike          Conj/Tloc      54%        3d9       2%          2
 Searing Ray              Conj           54%        2d6       2%          2
 Plasma Beam              Fire/Air       31%        2x1d32    2%          5
 Confusing Touch          Hex            27%        N/A       4%          3
 Frozen Ramparts          Ice            54%        1d9       4%          3
 Inner Flame              Hex/Fire       27%        N/A       4%          3
 Ozocubu's Armour         Ice            27%        N/A       4%          3
 Borgnjor's Vile Clutch   Necr/Erth      23%        N/A       12%         5
 Flame Wave               Conj/Fire      27%        2d9       16%         4
 Fulminant Prism          Conj/Hex       13%        3d8       16%         4
 Manifold Assault         Tloc           27%        N/A       16%         4
 Olgreb's Toxic Radiance  Pois           27%        N/A       16%         4
 Sticky Flame             Conj/Fire      27%        2d5       16%         4
 Summon Ice Beast         Ice/Summ       27%        N/A       16%         4
 Death Channel            Necr           30%        N/A       19%         6
 Fireball                 Conj/Fire      13%        3d7       38%         5
 Metabolic Englaciation   Hex/Ice        13%        N/A       38%         5
 Starburst                Conj/Fire      13%        6d6       93%         6
 Haunt                    Necr/Summ      23%        N/A       98%         7
 Ignition                 Fire           13%        3d6       100%        8
 Infestation              Necr           30%        N/A       100%        8
 Polar Vortex             Ice            13%        N/A       100%        9
 Animate Dead             Necr           Unusable   N/A       N/A         4
 Simulacrum               Ice/Necr       Unusable   N/A       N/A         6

Dungeon Overview and Level Annotations

Branches:
Dungeon (15/15)            Temple (1/1) D:6            Lair (5/5) D:11
 Shoals (3/4) Lair:2       Spider (0/4) Lair:2        Slime (0/5) Lair:5
    Orc (2/2) D:9             Elf (3/3) Orc:2        Vaults (0/5) D:13
 Depths (0/4) D:15          Sewer (visited)           IceCv (visited)

Altars:
Ashenzari
Cheibriados
Dithmenos
Fedhas
Gozag
Hepliaklqana
Kikubaaqudgha
Makhleb
Nemelex Xobeh
Okawaru
Qazlal
Ru
Sif Muna
Trog
Uskayaw
Vehumet
Wu Jian
Xom
Yredelemnul
Jiyva

Shops:
D:4 :   D:7 ?   D:12 *   D:13 =   D:15 (   Orc:1 =   Orc:2 [*:[   Elf:1 [*:!
Elf:2 **   Shoals:2 (

Annotations:
D:2 1 runed translucent door, Crazy Yiuf
D:3 exclusion: downstairs
D:5 exclusion: downstairs
D:6 2 transporters, Zigma's ghost, novice DrMo
D:9 exclusion: downstairs
D:10 exclusion: statue
D:14 1 runed translucent door, exclusion: downstairs, Odeis's ghost, journeyman OpCK
Lair:5 1 runed translucent door, Xyff's ghost, journeyman DsFi
Shoals:2 Roxanne
Orc:2 2 transporters, Jano's ghost, journeyman DjVM
Elf:2 5 runed translucent doors, exclusion: downstairs


Innate Abilities, Weirdness & Mutations

You are completely covered in yellow scales. (AC +4, rCorr)
A demonic guardian rushes to your aid.
You are completely covered in sharp spines.
You have a sharp stinger which inflicts weakening toxins.


Message History

The deep elf high priest utters a dark prayer and points at you.
Your life force is offered up.
The deep elf elementalist is healed.
The deep elf master archer shoots an arrow.
The arrow barely misses you.
You hear a shout!
Unknown command.
Unknown command.
Unknown command.
Unknown command.
Unknown command.
Unknown command.
Unknown command.
Unknown command.
Unknown command.
Unknown command.
Welcome back, 112233 the Demonspawn Necromancer.
Gozag says: Greed is good.
Press ? for a list of commands and other information.
Unknown command.
Unknown command.
Unknown command.
Unknown command.
You feel much better.
Storm clouds gather above the deep elf elementalist.
The deep elf elementalist hits you with a +3 morningstar of holy wrath.
You convulse!
The deep elf high priest utters a dark prayer and points at you.
Your life force is offered up.
* * * LOW HITPOINT WARNING * * *
The deep elf elementalist is healed.
The deep elf elementalist gestures at you while chanting.
The freezing blast engulfs you. You resist.
* * * LOW HITPOINT WARNING * * *
The deep elf master archer shoots an arrow.
The arrow hits you!!
* * * LOW HITPOINT WARNING * * *
The deep elf master archer shoots an arrow.
The arrow hits you!
You die...
Your body crumbles into a pile of gold.

$ #.....[.# $
$$ #....#### $
$ $ $ $ #..e.#
$ $ #...e.# $
$ ##.....# $$
#######......#
$
........§...#
.⌠ee.§○☼☼...#
......§@☼..#
......e§☼☼##
.........##
........##
......###
....## ####


You could see a deep elf master archer (unable to see you), a deep elf sorcerer
(fast), 2 deep elf elementalists and a deep elf high priest (unable to see you).

Vanquished Creatures
  2 deep elf blademasters (Elf:3)
  Polyphemus (Shoals:2)
  Gastronok (Lair:2)
  Kirke (D:14)
  Ilsuiw (Shoals:2)
  A deep elf sorcerer (Elf:3)
  Louise (D:14)
  A deep elf elementalist (Elf:2)
  A reaper (IceCv)
  A deep elf demonologist (Elf:3)
  2 deep elf annihilators
  Azrael (Elf:1)
  3 deep elf death magi (Elf:3)
  2 merfolk javelineers
  2 merfolk impalers
  Josephine (D:14)
  Harold (D:9)
  A fire dragon (D:15)
  Fannar (Lair:2)
  5 vault guards (D:13)
  A merfolk avatar (Shoals:2)
  An alligator snapping turtle (Shoals:2)
  2 rakshasas (D:15)
  2 boulder beetles
  6 ogre magi
  12 dancing weapons
  6 centaur warriors
  2 catoblepae
  16 two-headed ogres
  A merfolk aquamancer (Shoals:1)
  A satyr (Shoals:1)
  9 death yaks
  3 deep elf knights
  Sonja (D:10)
  A goliath frog (Lair:5)
  3 sea snakes
  3 skysharks
  5 deep elf archers
  A wizard (D:14)
  A lindwurm (Lair:1)
  Pikel (D:4)
  10 harpies
  An orc knight (D:15)
  17 deep elf pyromancers
  A necromancer (D:12)
  A harpy (shapeshifter) (Elf:1)
  2 orc sorcerers (Orc:2)
  17 deep elf zephyrmancers
  4 ugly things
  6 cyclopes
  6 manticores
  7 fauns
  3 black mambas
  7 elephants
  7 merfolk sirens
  Maurice (D:9)
  3 water nymphs
  6 gargoyles
  2 yaktaurs (D:13)
  Maggie (D:5)
  13 cane toads
  A kobold demonologist (D:11)
  6 rime drakes
  6 komodo dragons
  An efreet (D:13)
  2 tengu conjurers
  A freezing wraith (D:15)
  5 ice devils (IceCv)
  14 merfolk
  4 trolls
  5 wind drakes
  5 meliai
  Prince Ribbit (D:9)
  2 tyrant leeches (Lair:5)
  A tarantella (shapeshifter) (Elf:1)
  21 blink frogs
  5 snapping turtles
  A hornet (D:10)
  3 dream sheep (Shoals:2)
  Sigmund (D:6)
  3 jumping spiders (Lair:2)
  2 air elementals
  2 centaur simulacra (D:15)
  16 slime creatures
  A vampire (D:13)
  3 hogs (D:14)
  3 wyverns
  9 vampire mosquitoes
  25 yaks
  A basilisk (Lair:3)
  6 water elementals
  7 wraiths
  8 fire elementals
  2 steam dragons
  A warg (D:15)
  A harpy simulacrum (IceCv)
  Duvessa (D:6)
  2 hell hounds (Elf:1)
  20 water moccasins
  4 black bears
  15 orc warriors
  2 sky beasts
  2 ice beasts
  25 ogres
  4 wolves (Lair:5)
  A centaur (D:9)
  4 phantoms
  2 kobold brigands
  23 bullfrogs
  3 gnoll sergeants
  2 cane toad simulacra (Lair:5)
  2 scorpions
  6 wights
  Dowan (D:6)
  8 killer bees
  A troll zombie (D:9)
  3 howler monkeys
  2 electric eels
  9 orc priests
  A hound (D:5)
  6 jellies
  2 sleepcaps
  Terence (D:2)
  Jessica (D:2)
  Ijyb (D:3)
  21 orc wizards
  9 iguanas
  4 wolf simulacra
  4 ogre zombies (D:9)
  13 gnolls
  8 adders
  A naga simulacrum (IceCv)
  5 river rats (Sewer)
  A white imp (IceCv)
  2 worms (D:2)
  A dart slug (D:7)
  46 orcs
  8 ball pythons
  6 bats
  2 bat zombies (D:4)
  3 endoplasms
  12 giant cockroaches
  3 goblins
  3 hobgoblins
  5 jackals
  6 kobolds
  8 quokkas
  3 frilled lizards (Sewer)
  A goblin skeleton (D:9)
  3 goblin zombies (D:9)
  2 hobgoblin zombies (D:9)
  4 orc skeletons (D:9)
  11 orc zombies (D:9)
  13 rats
760 creatures vanquished.

Vanquished Creatures (collateral kills)
  Asterion (Elf:1)
  A deep elf sorcerer (Elf:3)
  2 deep elf annihilators
  A minotaur (Shoals:1)
  A merfolk javelineer (Shoals:2)
  Erica (D:11)
  A centaur warrior (D:15)
  A dancing weapon (Elf:2)
  2 two-headed ogres (Orc:2)
  A boulder beetle (D:14)
  An orc high priest (Orc:2)
  A skyshark (shapeshifter) (D:15)
  2 skysharks
  A glowing orange brain (D:15)
  2 deep elf archers (Elf:1)
  9 deep elf pyromancers
  6 harpies
  2 deep elf zephyrmancers
  2 ugly things (D:15)
  A cyclops (D:11)
  6 fauns
  An elephant (Lair:1)
  A merfolk siren (Shoals:2)
  4 cane toads (Lair:5)
  An ice devil (IceCv)
  2 merfolk (Shoals:2)
  A meliai (Shoals:1)
  2 snapping turtles
  A blink frog (Lair:5)
  2 slime creatures
  A shadow (D:10)
  A dire elephant simulacrum (IceCv)
  A vampire (D:10)
  4 yaks
  An acid dragon (D:10)
  A hydra simulacrum (IceCv)
  A water moccasin (Lair:5)
  5 orc warriors (Orc:2)
  7 ogres
  2 phantoms
  4 centaurs (D:15)
  6 wights
  2 troll zombies (D:9)
  A lava snake (Lair:5)
  4 orc priests
  An orc wizard (Orc:2)
  An ogre zombie (D:9)
  A shadow imp (D:7)
  A dart slug (D:4)
  7 orcs
  An endoplasm (D:1)
  A hobgoblin (D:3)
  A goblin skeleton (D:9)
  A hobgoblin skeleton (D:9)
  A hobgoblin zombie (D:9)
  An orc skeleton (D:9)
  A rat (Sewer)
119 creatures vanquished.

Vanquished Creatures (others)
  A deep elf knight (Elf:2)
  A deep elf pyromancer (Elf:1)
  A deep elf zephyrmancer (Elf:2)
  An orc (D:6)
  48 fungi
  152 plants
  7 toadstools (Lair:1)
211 creatures vanquished.

Grand Total: 1090 creatures vanquished

Notes
Turn   | Place    | Note
-------+----------+-------------------------------------------
     0 | D:1      | 112233 the Demonspawn Necromancer began the quest for the
                  | Orb.
     0 | D:1      | Reached XP level 1. HP: 13/13 MP: 3/3
   285 | D:1      | Gained mutation: You are partially covered in yellow
                  | scales. (AC +2) [demonic ancestry]
   285 | D:1      | Reached XP level 2. HP: 19/19 MP: 2/5
   430 | D:1      | Reached skill level 3 in Spellcasting
  1104 | D:2      | Noticed Jessica
  1108 | D:2      | Killed Jessica
  1109 | D:2      | Reached XP level 3. HP: 18/24 MP: 5/8
  1170 | D:2      | Reached skill level 4 in Spellcasting
  1274 | D:2      | Reached XP level 4. HP: 30/30 MP: 6/10
  1324 | D:2      | Noticed Terence
  1325 | D:2      | Found a shimmering blue altar of Sif Muna.
  1332 | D:2      | Killed Terence
  1496 | D:2      | Found a runed translucent door.
  1497 | D:2      | Noticed Crazy Yiuf
  2131 | D:3      | Noticed Ijyb
  2145 | D:3      | Killed Ijyb
  2150 | D:3      | Learned a level 3 spell: Vampiric Draining
  2237 | D:3      | Reached XP level 5. HP: 34/35 MP: 10/12
  2263 | D:3      | Reached skill level 5 in Spellcasting
  2906 | D:3      | Found a faded altar of an unknown god.
  3094 | D:4      | Found Irez's Book Boutique.
  3100 | D:5      | Entered Level 5 of the Dungeon
  3109 | D:4      | Noticed a lemure
  3260 | D:4      | Noticed a phantom
  3272 | D:4      | Killed a phantom
  3273 | D:4      | Reached skill level 6 in Spellcasting
  3273 | D:4      | Gained mutation: You have a small tail. [demonic ancestry]
  3273 | D:4      | Reached XP level 6. HP: 30/41 MP: 11/15
  3448 | D:4      | Found a glowing drain.
  3462 | Sewer    | Entered a sewer
  4494 | D:4      | Reached skill level 7 in Spellcasting
  4494 | D:4      | Gained mutation: You are mostly covered in yellow scales.
                  | (AC +3) [demonic ancestry]
  4494 | D:4      | Reached XP level 7. HP: 26/46 MP: 2/17
  4791 | D:4      | Noticed Pikel
  4802 | D:4      | Killed Pikel
  4803 | D:4      | Reached skill level 8 in Spellcasting
  4803 | D:4      | Gained mutation: A weak demonic guardian rushes to your
                  | aid. [demonic ancestry]
  4803 | D:4      | Reached XP level 8. HP: 49/52 MP: 5/20
  5119 | D:4      | Reached skill level 9 in Spellcasting
  5244 | D:4      | Found an ancient bone altar of Kikubaaqudgha.
  6126 | D:5      | Reached skill level 10 in Spellcasting
  6562 | D:5      | Reached skill level 11 in Spellcasting
  6562 | D:5      | Gained mutation: A demonic guardian rushes to your aid.
                  | [demonic ancestry]
  6562 | D:5      | Reached XP level 9. HP: 57/57 MP: 19/24
  6913 | D:6      | Found a staircase to the Ecumenical Temple.
  7195 | D:6      | Noticed Maggie
  7391 | D:5      | Killed Maggie
  7966 | D:6      | Noticed Sigmund
  7981 | D:6      | Killed Sigmund
  7982 | D:6      | Reached skill level 12 in Spellcasting
  8200 | D:6      | Identified the +0 buckler of Optimism {rPois rF- rN+++
                  | Str-2}
  8374 | Temple   | Entered the Ecumenical Temple
  8546 | Temple   | Became a worshipper of Gozag Ym Sagoz the Greedy
  8629 | D:6      | Found a transporter.
  8629 | D:6      | Found a transporter.
  8644 | D:6      | Noticed Zigma's ghost (novice DrMo)
  8802 | D:6      | Noticed Duvessa
  8803 | D:6      | Noticed Dowan
  8811 | D:6      | Killed Duvessa
  9084 | D:6      | Killed Dowan
  9244 | D:7      | Found a snail-covered altar of Cheibriados.
  9418 | D:7      | Reached skill level 13 in Spellcasting
  9641 | D:7      | Found Cydulext's Magic Scroll Emporium.
  9652 | D:7      | Found an iron altar of Okawaru.
  9691 | D:7      | Gained mutation: You are completely covered in yellow
                  | scales. (AC +4, rCorr) [demonic ancestry]
  9691 | D:7      | Reached XP level 10. HP: 52/63 MP: 27/27
 10242 | D:7      | Bought a scroll of teleportation for 42 gold pieces
 10242 | D:7      | Bought a scroll of fear for 56 gold pieces
 10242 | D:7      | Bought a scroll of noise for 14 gold pieces
 10242 | D:7      | Bought a scroll of identify for 28 gold pieces
 10242 | D:7      | Bought a scroll of amnesia for 56 gold pieces
 10248 | D:7      | Learned a level 5 spell: Agony
 10588 | D:8      | Noticed a cyclops
 10619 | D:8      | Killed a cyclops
 10620 | D:8      | Reached skill level 14 in Spellcasting
 10868 | D:8      | Found a shimmering altar of Xom.
 10923 | D:8      | Noticed a gargoyle
 10954 | D:8      | Killed a gargoyle
 10955 | D:8      | Reached skill level 1 in Fighting
 11371 | D:9      | Found a staircase to the Orcish Mines.
 11565 | D:8      | Reached skill level 5 in Necromancy
 11664 | D:8      | Found a faded altar of an unknown god.
 11664 | D:8      | Found a stormy altar of Qazlal.
 11672 | D:8      | Found a basalt altar of Yredelemnul.
 11674 | D:8      | Found a bloodstained altar of Trog.
 12387 | D:9      | Noticed Prince Ribbit
 12396 | D:10     | Entered Level 10 of the Dungeon
 12570 | D:10     | Learned a level 2 spell: Blink
 12572 | D:10     | Found a radiant altar of Vehumet.
 12581 | D:10     | Learned a level 4 spell: Airstrike
 12584 | D:10     | Learned a level 2 spell: Wereblood
 12673 | D:10     | Noticed Sonja
 12680 | D:10     | Killed Sonja
 12765 | D:11     | Noticed a cyclops
 12772 | D:11     | Killed a cyclops
 12773 | D:11     | Reached skill level 1 in Transmutations
 12773 | D:11     | Reached skill level 1 in Air Magic
 12773 | D:11     | Reached XP level 11. HP: 50/77 MP: 16/29
 12895 | D:11     | Noticed a brown ugly thing
 12908 | D:11     | Killed a brown ugly thing
 13046 | D:11     | Found a staircase to the Lair.
 13060 | D:11     | Noticed a boulder beetle
 13071 | D:11     | Killed a boulder beetle
 13199 | D:11     | Noticed Erica
 13219 | D:11     | Killed Erica
 13374 | D:11     | Noticed a cyan ugly thing
 13382 | D:11     | Killed a cyan ugly thing
 13650 | D:9      | Killed Prince Ribbit
 13657 | D:9      | Reached skill level 5 in Dodging
 13702 | D:9      | Reached skill level 5 in Fighting
 14101 | D:9      | Noticed Harold
 14102 | D:9      | Noticed Maurice
 14112 | D:9      | Killed Harold
 14126 | D:9      | Killed Maurice
 14251 | D:9      | Found an ornate altar of the Wu Jian Council.
 14546 | Orc:1    | Entered Level 1 of the Orcish Mines
 14546 | Orc:1    | You fall into a shaft and drop 1 floor!
 14546 | Orc:2    | Entered Level 2 of the Orcish Mines
 14546 | Orc:2    | Noticed a two-headed ogre
 14547 | Orc:2    | Identified the +1 great mace of Bamo {speed, SInv}
 14547 | Orc:2    | Identified the +8 great mace of Drought {venom, Fly rElec
                  | rF+}
 14547 | Orc:2    | Noticed an ettin
 14547 | Orc:2    | Noticed Jano's ghost (journeyman DjVM)
 14552 | Orc:2    | Noticed a two-headed ogre
 14557 | Orc:2    | Noticed a two-headed ogre
 14560 | Orc:2    | Noticed a two-headed ogre
 15204 | Orc:2    | Noticed a two-headed ogre
 15208 | Orc:2    | Noticed a two-headed ogre
 15213 | Orc:2    | Noticed a two-headed ogre
 15218 | Orc:2    | Killed a two-headed ogre
 15459 | Orc:2    | Killed a two-headed ogre
 15519 | Orc:2    | Noticed a two-headed ogre
 15530 | Orc:2    | Killed a two-headed ogre
 15605 | Orc:2    | Noticed a two-headed ogre
 15669 | Orc:1    | Killed a two-headed ogre
 15670 | Orc:1    | Gained mutation: You have a tail ending in a sharp stinger.
                  | [demonic ancestry]
 15670 | Orc:1    | Reached XP level 12. HP: 67/88 MP: 20/30
 15729 | Orc:2    | Killed a two-headed ogre
 16107 | Orc:2    | Found a staircase to the Elven Halls.
 16234 | Orc:2    | Found a transporter.
 16261 | Orc:2    | Noticed a two-headed ogre
 16362 | Orc:2    | Killed a two-headed ogre
 16439 | Orc:2    | Noticed a two-headed ogre
 16448 | Orc:2    | Killed a two-headed ogre
 16583 | Orc:2    | Found a transporter.
 16584 | Orc:2    | Noticed a two-headed ogre
 16590 | Orc:2    | Killed a two-headed ogre
 16659 | Orc:2    | Noticed a two-headed ogre
 16667 | Orc:2    | Killed a two-headed ogre
 16668 | Orc:2    | Reached skill level 5 in Transmutations
 16668 | Orc:2    | Reached skill level 5 in Air Magic
 16689 | Orc:2    | Noticed a two-headed ogre
 16699 | Orc:2    | Killed a two-headed ogre
 16757 | Orc:2    | Noticed a two-headed ogre
 16779 | Orc:2    | Killed a two-headed ogre
 16829 | Orc:2    | Noticed an orc high priest
 16949 | Orc:2    | Noticed an ogre mage
 16969 | Orc:2    | Killed an ogre mage
 16998 | Orc:2    | Killed an orc high priest
 16999 | Orc:2    | Reached skill level 15 in Spellcasting
 17060 | Orc:2    | Noticed a two-headed ogre
 17071 | Orc:2    | Killed a two-headed ogre
 17432 | Orc:2    | Noticed a two-headed ogre
 17440 | Orc:2    | Killed a two-headed ogre
 17592 | Orc:2    | Noticed an ogre mage
 17616 | Orc:2    | Killed an ogre mage
 17619 | Orc:2    | Found Weakuq's Antique Armour Shop.
 17619 | Orc:2    | Found Yrinaf's Book Emporium.
 17718 | Orc:2    | Found Keoxe's Assorted Antiques.
 17718 | Orc:2    | Found Jaenlic's Armour Boutique.
 17751 | Orc:2    | Bought the +3 robe of Clouds {*Thunder rCloud rElec} for
                  | 386 gold pieces
 17751 | Orc:2    | Found the +3 robe of Clouds {*Thunder rCloud rElec}
 17752 | Orc:2    | Bought a scroll of teleportation for 96 gold pieces
 17752 | Orc:2    | Bought a scroll of amnesia for 128 gold pieces
 17752 | Orc:2    | Bought a scroll of identify for 64 gold pieces
 17752 | Orc:2    | Bought a fizzy dark potion for 28 gold pieces
 17752 | Orc:2    | Bought a potion of curing for 96 gold pieces
 17833 | Orc:2    | Noticed an ogre mage
 17841 | Orc:2    | Killed an ogre mage
 18131 | Orc:1    | Gained mutation: You are partially covered in sharp spines.
                  | [demonic ancestry]
 18131 | Orc:1    | Reached XP level 13. HP: 93/98 MP: 18/32
 18226 | Orc:1    | Found Osuobyj's Jewellery Emporium.
 18233 | Orc:1    | Bought a ring of see invisible for 225 gold pieces
 18452 | Orc:1    | Found a bloodstained altar of Trog.
 20659 | D:12     | Found Begiuwk's Assorted Antiques.
 20662 | D:12     | Bought a potion of curing for 108 gold pieces
 20662 | D:12     | Bought a scroll of teleportation for 108 gold pieces
 20662 | D:12     | Bought 2 bubbling puce potions for 64 gold pieces
 20662 | D:12     | Bought a lumpy silvery potion for 32 gold pieces
 20662 | D:12     | Bought a scroll labelled GUOZID RYAMN for 36 gold pieces
 20662 | D:12     | Bought a scroll of identify for 72 gold pieces
 20662 | D:12     | Bought a scroll of identify for 72 gold pieces
 21961 | Lair:1   | Entered Level 1 of the Lair of Beasts
 22254 | Lair:1   | Found a runed translucent door.
 23095 | Lair:2   | Noticed Fannar
 23104 | Lair:2   | Reached skill level 1 in Evocations
 23114 | Lair:2   | Killed Fannar
 23247 | Lair:2   | Noticed Gastronok
 23265 | Lair:2   | Killed Gastronok
 23865 | Lair:2   | Found a hole to the Spider Nest.
 24254 | Lair:2   | Found a staircase to the Shoals.
 25056 | Lair:3   | Gained mutation: You are mostly covered in sharp spines.
                  | [demonic ancestry]
 25056 | Lair:3   | Reached XP level 14. HP: 104/108 MP: 12/33
 25993 | Lair:4   | You fall into a shaft and drop 1 floor!
 25993 | Lair:5   | Entered Level 5 of the Lair of Beasts
 26121 | Lair:5   | Found a runed translucent door.
 26121 | Lair:5   | Found a shimmering altar of Xom.
 26121 | Lair:5   | Noticed Xyff's ghost (journeyman DsFi)
 26482 | Lair:5   | Found a frozen archway.
 26504 | IceCv    | Entered an ice cave
 27327 | IceCv    | Learned a level 4 spell: Sticky Flame
 27356 | IceCv    | Noticed a reaper
 27375 | IceCv    | Killed a reaper
 27564 | IceCv    | Reached skill level 16 in Spellcasting
 28223 | Lair:5   | Found a staircase to the Slime Pits.
 28223 | Lair:5   | Found a viscous altar of Jiyva.
 28446 | Lair:5   | Reached skill level 10 in Fighting
 29766 | Lair:4   | Learned a level 7 spell: Storm Form
 30542 | D:4      | Bought Maxwell's Memoranda for 532 gold pieces
 30542 | D:4      | Bought a book of Storms for 448 gold pieces
 30542 | D:4      | Bought a book of Cantrips for 168 gold pieces
 30542 | D:4      | Bought a book of Unlife for 504 gold pieces
 30930 | D:13     | Learned a level 1 spell: Apportation
 30935 | D:13     | Learned a level 4 spell: Dispel Undead
 30940 | D:13     | Learned a level 4 spell: Summon Lightning Spire
 31675 | D:13     | Gained mutation: You are completely covered in sharp
                  | spines. [demonic ancestry]
 31675 | D:13     | Reached XP level 15. HP: 103/116 MP: 21/35
 31876 | D:13     | Paralysed by an ogre mage for 5 turns
 32544 | D:13     | Found a gate to the Vaults.
 32747 | D:13     | Found Fito's Jewellery Boutique.
 33064 | D:13     | Found a bloodstained altar of Trog.
 33752 | D:14     | Noticed Kirke
 33760 | D:14     | Killed Kirke
 33822 | D:14     | Found a runed translucent door.
 33824 | D:14     | Noticed Odeis's ghost (journeyman OpCK)
 33834 | D:14     | Reached skill level 10 in Dodging
 34076 | D:14     | Noticed Josephine
 34084 | D:14     | Killed Josephine
 34295 | D:14     | Noticed Louise
 34302 | D:14     | Killed Louise
 34730 | D:15     | Entered Level 15 of the Dungeon
 35238 | D:15     | Reached skill level 10 in Air Magic
 36065 | D:15     | Found Damoff's Antique Weapon Shop.
 36370 | D:15     | Found a staircase to the Depths.
 36629 | Shoals:1 | Entered Level 1 of the Shoals
 37642 | Shoals:1 | Reached XP level 16. HP: 111/126 MP: 26/36
 38033 | Shoals:1 | Found a hide-covered altar of Uskayaw.
 38441 | Shoals:1 | Identified the +3 longbow of Ilatotie {elec, Int+2}
 38853 | Shoals:2 | Noticed Ilsuiw
 38898 | Shoals:2 | Killed Ilsuiw
 39382 | Shoals:2 | Identified Roxanne's Discursus on Alteration
 39382 | Shoals:2 | Noticed Roxanne
 39817 | Shoals:2 | Identified the amulet "Himum" {Faith rPois rC+ Int+3 SInv}
 39910 | Shoals:2 | Noticed Polyphemus
 40170 | Shoals:2 | Reached skill level 17 in Spellcasting
 40186 | Shoals:2 | Reached skill level 10 in Transmutations
 40468 | Shoals:2 | Found Zaja's Weapon Emporium.
 41054 | Shoals:2 | Killed Polyphemus
 42052 | Elf:1    | Entered Level 1 of the Elven Halls
 43102 | Elf:1    | Found Enunkas's Distillery.
 43107 | Elf:1    | Bought a potion of haste for 130 gold pieces
 43107 | Elf:1    | Bought a potion of curing for 39 gold pieces
 43107 | Elf:1    | Bought a potion of ambrosia for 104 gold pieces
 43883 | Elf:1    | Found Eshromnats's General Store.
 43888 | Elf:1    | Noticed Azrael
 43924 | Elf:1    | Gained mutation: You have a sharp stinger which inflicts
                  | weakening toxins. [demonic ancestry]
 43924 | Elf:1    | Reached XP level 17. HP: 55/134 MP: 13/38
 44143 | Orc:2    | Learned a level 5 spell: Arcjolt
 44149 | Orc:2    | Learned a level 5 spell: Freezing Cloud
 44160 | Elf:1    | Killed Azrael
 44534 | Elf:1    | Noticed Asterion
 44547 | Elf:1    | Killed Asterion
 44645 | Elf:1    | Found Vegit's Book Shoppe.
 44658 | Elf:1    | Bought a scroll of teleportation for 45 gold pieces
 44658 | Elf:1    | Bought a scroll of immolation for 60 gold pieces
 44658 | Elf:1    | Bought a scroll of enchant weapon for 112 gold pieces
 44658 | Elf:1    | Bought a scroll of enchant weapon for 112 gold pieces
 44734 | Elf:1    | Identified the ring "Vuir" {rPois rC+ Will+ Str+2 Dex+2}
 45105 | Elf:1    | Found Ujugahy's Antique Armour Boutique.
 45304 | Elf:1    | Bought a pair of embroidered gloves for 247 gold pieces
 45304 | Elf:1    | Bought a runed robe for 122 gold pieces
 45896 | Elf:2    | Found Meonoxki's Elven Fire.
 45933 | Elf:2    | Found Bloforytidgh's Bounteous Boutique.
 46113 | Elf:2    | Bought a scroll of brand weapon for 199 gold pieces
 46113 | Elf:2    | Bought a scroll of blinking for 157 gold pieces
 46113 | Elf:2    | Bought a scroll of butterflies for 84 gold pieces
 46113 | Elf:2    | Bought a +2 buckler of reflection for 388 gold pieces
 46797 | Elf:2    | Found a huge runed translucent gate.
 46797 | Elf:2    | Found a huge runed translucent gate.
 46799 | Elf:2    | Found a huge runed translucent gate.
 46799 | Elf:2    | Found a huge runed translucent gate.
 46800 | Elf:2    | Found a huge runed translucent gate.
 46871 | Elf:3    | Entered Level 3 of the Elven Halls
 47394 | Elf:3    | Noticed a deep elf blademaster
 47403 | Elf:3    | Killed a deep elf blademaster
 47626 | Elf:3    | Noticed a deep elf blademaster
 47629 | Elf:3    | Identified the +0 flail of Utoetzut {speed, rF+}
 47629 | Elf:3    | Identified the ring "Vuanin" {rF+ rC+ MP+9}
 47630 | Elf:3    | Noticed a deep elf master archer
 47636 | Elf:3    | Killed a deep elf blademaster
 48200 | Elf:2    | Learned a level 8 spell: Maxwell's Capacitive Coupling
 48544 | Elf:3    | Identified the +3 falchion "Kukulosk" {flame, rC+ Will-
                  | Str+5}
 48544 | Elf:3    | Identified the amulet of the Tormentor {Acrobat MP+9 Int+5}
 48544 | Elf:3    | Noticed a deep elf master archer
 48544 | Elf:3    | Identified the ring "Bipocith" {rF- rN+ MP+9 Str+4 Dex+3}
 48547 | Elf:3    | HP: 5/135 [deep elf master archer/arrow (20)]
 48547 | Elf:3    | Shot with an arrow by a deep elf master archer

Illustrated notes

Levels and vault maps discovered:
D:1:      heliophobic_arrival_enchanted_forest, layout_loops_ring
D:2:      layout_loops_cross, basic_altar, uniq_jessica,
          uniq_crazy_yiuf_cottage, uniq_terence
D:3:      layout_basic, shapermc_ecumenical_altar_totnotflames, uniq_ijyb
D:4:      layout_basic, lemuel_zombie_altar_kikubaaqudgha, gup_sewer_entry_pipe,
          nicolae_stop_n_shop_2, uniq_pikel
D:5:      layout_basic, chequers_avenue
D:6:      layout_basic, minmay_temple_entry_large_hall,
          gammafunk_ghost_gnarly_gnolls, kennysheep_another_room, uniq_maggie,
          uniq_sigmund, uniq_duvessa
D:7:      layout_rooms, amcnicky_altar_gilded, kennysheep_slug_shrine,
          serial_shops, nicolae_inconvenience_store
D:8:      layout_loops_ring, chequers_temple_overflow_minitemple,
          kennysheep_little_box
D:9:      layout_rooms, pdpol_wu_jian_five_deadly_venoms, zombieorc2_lemuel,
          uniq_prince_ribbit1, uniq_maurice, uniq_harold
D:10:     layout_cave_pools, vehumet_statue, st_stairs_9,
          chequers_decorated_corner, uniq_sonja
D:11:     layout_basic, david_lair_shrubbed, chequers_serial_rivers_small_b,
          nicolae_two_hexagons, uniq_erica
D:12:     layout_irregular_city, serial_shops, kennysheep_mini_moat,
          small_chamber_with_monster, kennysheep_generic_room_15
D:13:     layout_basic, grunt_vaults_entry_fortified, serial_shops,
          nicolae_shop_hallway_plus, nicolae_lava_and_water, trog_butcher_becter
D:14:     layout_roguey, ebering_ghost_reflecting_pool, uniq_kirke, uniq_louise,
          uniq_josephine
D:15:     gammafunk_enter_depths_forms, layout_cave_pools, serial_shops,
          nicolae_shop_overgrown_old_shop, minivault_25, minmay_strange_pillars
Temple:   nicolae_temple_slightly_damp_pantheon
Lair:1:   gammafunk_lair_enchanted_lake, layout_concentric_octagons,
          grunt_megastairs_5, lemuel_fruit_fields
Lair:2:   layout_gridlike, elwin_shoals_entry_stream,
          spider_nest_entry_funnel_web, grunt_megastairs_4, uniq_fannar,
          uniq_gastronok
Lair:3:   layout_regular_city
Lair:4:   layout_loops_ring, lemuel_fruit_tree
Lair:5:   minmay_lair_end_frog_pond, layout_gridlike,
          nicolae_slime_entry_field_trip, portal_ice_cave_entry_ice_simulacra,
          ebering_ghost_xom, nicolae_volcano_entry_hallway
Shoals:1: layout_shoals, abandoned_shop, regret_index_shoals_crete
Shoals:2: layout_shoals, serial_shops, shop, uniq_roxanne, uniq_polyphemus,
          uniq_ilsuiw
Shoals:3: layout_shoals, st_cyclops
Orc:1:    layout_diamond_mine, basic_altar, serial_shops, shop
Orc:2:    st_orc_ogre_mass, layout_diamond_mine, gammafunk_ghost_smash
Elf:1:    nicolae_elf_arrival_fired_up, layout_onion_city, serial_shops,
          nicolae_shop_trees, nicolae_shop_statue_plus, shop,
          nicolae_shop_trees, hangedman_elven_crosses_minicolossus, uniq_azrael,
          uniq_asterion
Elf:2:    elven_hall_of_blades_hangedman_alternative [nicolae_blade_tridents],
          layout_gridlike, nicolae_alphabet_shops, guppyfry_elf_lava
Elf:3:    grunt_elf_hall_spiral, layout_geoelf_grid, serial_shops, shop,
          minmay_misc_feat_alley, minmay_misc_feat_ornament

Skill      XL: |  1  2  3  4  5  6  7  8  9 10 11 12 13 14 15 16 17 |
---------------+----------------------------------------------------+-----
Spellcasting   | 3 4 6 7 8 11 13 14 15 16 17 | 17.6
Fighting       | 4 6 7 9 10 11 12 | 12.9
Dodging        | 4 5 7 8 9 10 11 12 | 12.0
Necromancy     | 6 |  6.1
Transmutations | 1 4 5 7 8 9 10 11 | 11.1
Air Magic      | 1 4 6 7 8 10 12 13 | 13.5
Evocations     | 3 4 |  4.7
Stealth        | |  1.7

Action                     |  1- 3 |  4- 6 |  7- 9 | 10-12 | 13-15 | 16-18 || total
---------------------------+-------+-------+-------+-------+-------+-------++-------
  Melee: Unarmed           |     7 |       |       |     7 |       |     1 ||    15
         Dagger            |     9 |    52 |   143 |    54 |       |       ||   258
         Tailslap          |       |     2 |    20 |    54 |    46 |    12 ||   134
         Punch             |       |       |     3 |     4 |     6 |       ||    13
         Flail             |       |       |       |   271 |    91 |       ||   362
         Staff             |       |       |       |       |    79 |       ||    79
         Demon trident     |       |       |       |       |    51 |    73 ||   124
   Cast: Necrotise         |    45 |   128 |    54 |    68 |   106 |       ||   401
         Vampiric Draining |       |    10 |   105 |   275 |   246 |     2 ||   638
         Agony             |       |       |       |    14 |    20 |     1 ||    35
         Blink             |       |       |       |       |     3 |     3 ||     6
         Airstrike         |       |       |       |       |   342 |   384 ||   726
         Sticky Flame      |       |       |       |       |     3 |       ||     3
         Summon Lightning  |       |       |       |       |    24 |    61 ||    85
         Dispel Undead     |       |       |       |       |     3 |       ||     3
         Freezing Cloud    |       |       |       |       |       |    11 ||    11
         Storm Form        |       |       |       |       |       |     1 ||     1
 Invoke: Potion Petition   |       |       |       |     1 |     2 |     8 ||    11
  Evoke: Wand              |       |       |    10 |    19 |     6 |    12 ||    47
         Tin of tremorston |       |       |       |       |       |     3 ||     3
         Phial of floods   |       |       |       |       |       |     1 ||     1
    Use: Potion            |       |     3 |     1 |     7 |     1 |     6 ||    18
         Scroll            |       |       |       |     8 |    21 |    16 ||    45
   Stab: Sleeping          |     2 |       |     2 |     1 |     1 |       ||     6
         Paralysed         |       |       |     8 |     3 |       |       ||    11
         Distracted        |       |       |       |     5 |     2 |     3 ||    10
 Armour: Robe              |     6 |    37 |    69 |   217 |   200 |    73 ||   602
         Skin              |       |       |       |    53 |       |     1 ||    54
  Dodge: Dodged            |    14 |    74 |   118 |   429 |   463 |   193 ||  1291

Table legend: (Time is in decaauts)
 A = Elapsed time spent in this place.
 B = Non-inter-level travel time spent in this place.
 C = Inter-level travel time spent in this place.
 D = Time resting spent in this place.
 E = Time spent auto-exploring this place.
 F = Levels seen in this place.
 G = Mean time per level.
                   A        B        C        D        E       F      G
               +--------+--------+--------+--------+--------+-----+--------+
         Total |  49330 |  46802 |   2528 |   8948 |  31267 |  31 | 1591.3 |
       Dungeon |  22853 |  21277 |   1576 |   3041 |  15327 |  15 | 1523.5 |
        Temple |    191 |    161 |     30 |      0 |    147 |   1 |  191.0 |
          Lair |   7651 |   7204 |    447 |    483 |   5652 |   5 | 1530.2 |
        Shoals |   5439 |   5357 |     82 |   1312 |   3406 |   3 | 1813.0 |
  Orcish Mines |   4808 |   4627 |    181 |    915 |   2913 |   2 | 2404.0 |
   Elven Halls |   6147 |   5937 |    210 |   2493 |   2809 |   3 | 2049.0 |
         Sewer |   1140 |   1140 |      0 |      0 |    963 |   1 | 1140.0 |
      Ice Cave |   1098 |   1098 |      0 |    702 |     49 |   1 | 1098.0 |
               +--------+--------+--------+--------+--------+-----+--------+

Top non-repeatable levels by time:
   Orc:2: 3311 daAuts
   Elf:1: 3174 daAuts
Shoals:2: 3091 daAuts
    D:13: 2597 daAuts
  Lair:5: 2391 daAuts
   Elf:2: 2328 daAuts
    D:12: 2297 daAuts
Shoals:1: 2278 daAuts
     D:5: 2251 daAuts
    D:14: 1926 daAuts
  Lair:1: 1745 daAuts
     D:8: 1657 daAuts
  Lair:2: 1588 daAuts
   Orc:1: 1496 daAuts
    D:11: 1493 daAuts
